 Dungeon Crawl Stone Soup version 0.24.1-1-gd1d2a07e1b (webtiles) character file.

Game seed: 6790355805699915342, levelgen mode: deterministic

150295 Curus the Tortoise (level 16, -3/161 HPs)
             Began as a Minotaur Fighter on Apr 10, 2020.
             Was the Champion of Trog.
             Drowned by a water elemental (11 damage)
             ... on level 1 of the Shoals.
             The game lasted 02:53:10 (22020 turns).

Curus the Tortoise (Minotaur Fighter)              Turns: 22020, Time: 02:53:11

Health: -3/161     AC: 33    Str: 23    XL:     16   Next: 98%
Magic:  0/7        EV:  7    Int:  7    God:    Trog [******]
Gold:   1207       SH: 16    Dex: 16    Spells: 15/15 levels left

rFire    . . .     SeeInvis .   W - +4 demon blade (antimagic)
rCold    + + .     Gourm    .   c - +3 shield
rNeg     + + .     Faith    +   N - +1 plate armour {rC+}
rPois    +         Spirit   +   F - +2 hat of the Bear Spirit {Spirit, +Rage rN+ MR++}
rElec    +         Reflect  .   M - +2 cloak
rCorr    .         Harm     .   C - +2 pair of gloves {Dex+3}
MR       ++++.                  S - +0 pair of boots
Stlth    ..........             o - amulet of faith
HPRegen  0.76/turn              T - ring of Wariness {rElec rPois rN+ MR+ Stlth-}
MPRegen  0.10/turn              a - ring of flight

@: lethally poisoned (-3 -> -3), engulfed (cannot breathe), flying, very
slightly contaminated
A: retaliatory headbutt, horns 2, icy blue scales 1, cold resistance 1,
regeneration 1
a: Berserk, Trog's Hand, Brothers in Arms, Renounce Religion, Evoke Berserk
Rage, Stop Flying


You were on level 1 of the Shoals.
You worshipped Trog.
Trog was exalted by your worship.
You were very hungry.

You visited 5 branches of the dungeon, and saw 26 of its levels.
You also visited: Gauntlet and Ice Cave.

You collected 2491 gold pieces.
You spent 1284 gold pieces at shops.

Inventory:

Hand Weapons
 y - a +4 scimitar of flaming
 B - a +4 antimagic falchion
 W - a +4 antimagic demon blade (weapon)
Armour
 c - a +3 shield (worn)
 u - a +0 plate armour of fire resistance
 C - a +2 pair of gloves of dexterity (worn)
 F - the +2 hat of the Bear Spirit (worn) {Spirit, +Rage rN+ MR++}
   (You found it in a Gauntlet)

   It protects you from negative energy.
   It affects your resistance to hostile enchantments.
   It lets you go berserk.
 M - a +2 cloak (worn)
 N - a +1 plate armour of cold resistance (worn)
 S - a +0 pair of boots (worn)
Jewellery
 a - a ring of flight (right hand)
 e - a +2 ring of dexterity
 g - an uncursed ring of magical power
 i - an uncursed ring of resist corrosion
 l - an uncursed ring of see invisible
 o - an amulet of faith (around neck)
 t - a +2 ring of evasion
 v - an uncursed ring of protection from fire
 G - an uncursed ring of positive energy
 J - the ring of Zaezokad {Ice Str+3}
   (You found it in a Gauntlet)

   [ring of ice]

   It enhances your ice magic.
   It affects your strength (+3).
   It makes you vulnerable to fire.
   It protects you from cold.
 P - an uncursed ring of positive energy
 T - the ring of Wariness (left hand) {rElec rPois rN+ MR+ Stlth-}
   (You found it on level 13 of the Dungeon)

   [ring of attention]

   It insulates you from electricity.
   It protects you from poison.
   It protects you from negative energy.
   It affects your resistance to hostile enchantments.
   It makes you less stealthy.
 U - an uncursed ring of protection from magic
Wands
 d - a wand of enslavement (15)
 w - a wand of random effects (14)
 x - a wand of digging (4)
 z - a wand of acid (12)
 A - a wand of flame (45)
 D - a wand of paralysis (11)
 E - a wand of disintegration (14)
 K - a wand of polymorph (29)
 Q - a wand of iceblast (15)
Scrolls
 j - a scroll of holy word
 k - 9 scrolls of teleportation
 p - 29 scrolls of identify
 r - 18 scrolls of remove curse
 H - 5 scrolls of magic mapping
 I - 6 scrolls of fear
 O - 2 scrolls of fog
Potions
 b - a potion of resistance
 h - 17 potions of curing
 m - 4 potions of might
 n - 5 potions of heal wounds
 s - 2 potions of agility
 R - 2 potions of flight
 V - 2 potions of haste
 Z - 2 potions of cancellation
Comestibles
 f - 37 rations


   Skills:
 - Level 19.6 Fighting
 - Level 14.0 Long Blades
 - Level 19.6 Armour
 + Level 12.4 Shields
 + Level 9.3 Evocations


You had 15 spell levels left.
You didn't know any spells.
Your spell library was empty.

Dungeon Overview and Level Annotations

Branches:
Dungeon (15/15)            Temple (1/1) D:4            Lair (6/6) D:11
 Shoals (2/4) Lair:3       Spider (0/4) Lair:2        Slime (0/5) Lair:5
    Orc (2/2) D:12            Elf (0/3) Orc:2        Vaults (0/5) D:14
 Depths (0/5) D:15          IceCv (visited)         Gauntlet (visited)

Altars:
Cheibriados
Dithmenos
Gozag
Hepliaklqana
Makhleb
Nemelex Xobeh
Qazlal
Trog
Vehumet
Wu Jian
Xom
The Shining One
Beogh
Jiyva

Shops:
D:4 }([}   D:11 !:}!*   Orc:2 [(*=

Annotations:
Shoals:2 Ilsuiw


Innate Abilities, Weirdness & Mutations

You reflexively headbutt those who attack you in melee.
You have a pair of horns on your head.
You are partially covered in icy blue scales. (AC +2)
Your flesh is cold resistant. (rC+)
Your natural rate of healing is unusually fast.


Message History

The water elemental hits you. x2
The merfolk javelineer hits you but does no damage.
You block the merfolk's attack. x2
The merfolk javelineer hits you but does no damage.
Your stone giant closely misses something.
The water elemental hits you.
* * * LOW HITPOINT WARNING * * *
Your lungs strain for air!
Something hits you but does no damage. The water elemental hits you.
* * * LOW HITPOINT WARNING * * *
Your stone giant hits something!
You block the water elemental's attack.
The merfolk javelineer hits you but does no damage.
The merfolk javelineer hits you from afar with a +2 spear of venom.
* * * LOW HITPOINT WARNING * * *
You block the merfolk's attack.
The merfolk hits you but does no damage.
The water elemental hits you.
You fly upwards.
Your summoned ally is left behind.
Reactivating autopickup.
You die...

≈≈≈≈≈))......≈≈..≈..###P...#####.
≈≈≈≈..).#.≈≈≈≈≈≈≈≈.## #.≈....##..
≈≈....####.≈≈≈≈≈≈≈.(###.≈≈≈......
≈≈≈..## #.)≈≈≈≈.≈≈.(...≈≈≈≈.....
.....### #..≈≈≈≈≈≈≈≈(((≈)P≈≈....≈
.#.≈≈..###..≈≈≈...≈≈≈≈≈≈≈≈≈≈...≈≈
≈..≈≈.......≈≈≈...)≈≈≈P≈P≈≈≈≈..≈≈
≈≈≈≈≈......≈≈≈≈...≈≈≈P≈P≈≈≈≈..))≈
≈≈≈≈≈..##...≈≈≈E@≈≈≈≈P.PPP≈≈P#..≈
≈≈≈...######.≈≈.E....P.##P.PP.).≈
≈≈..### #..≈^......####..P≈).≈
≈≈..# #.≈≈≈.###...# ##.....≈
≈≈≈.### ##.≈≈≈.# ##..# ##...≈≈
≈≈≈≈..#####..≈≈..# ##.## ##..≈≈
≈≈≈≈≈.....≈≈≈≈≈..###...# #.≈≈≈
≈≈≈≈≈≈..≈≈≈≈≈≈≈.###..^.### #..≈≈
≈≈≈≈≈≈..≈≈≈≈≈≈≈..#.......## ##.≈≈


You could see 2 water elementals.

Vanquished Creatures
  Jorgrun (Orc:1)
  Polyphemus (Shoals:2)
  Gastronok (Lair:3)
  An orc warlord (Orc:2)
  The ghost of Kuerar the Basher, a journeyman BaFi of Cheibriados (Lair:4)
  Nessos (Orc:2)
  Azrael (D:13)
  A dire elephant (D:15)
  A minotaur (Gauntlet)
  Snorg (Orc:1)
  5 merfolk impalers
  The ghost of Frank2 the Basher, a journeyman DsGl of Makhleb (Orc:1)
  A death ooze (Gauntlet)
  Erolcha (Orc:1)
  Harold (D:8)
  Fannar (Lair:1)
  4 vault guards (D:14)
  A centaur warrior (D:11)
  2 merfolk avatars
  3 death knights (D:13)
  2 catoblepae
  3 merfolk aquamancers
  8 hydras
  Erica (D:8)
  An alligator snapping turtle (Shoals:2)
  5 two-headed ogres (D:15)
  An ogre mage (D:15)
  7 death yaks
  2 tengu warriors
  Urug (Lair:5)
  Sonja (Orc:1)
  Nergalle (Lair:2)
  2 fire crabs
  An unseen horror (D:11)
  6 sea snakes
  2 harpies (Lair:6)
  A necromancer (IceCv)
  An orc knight (Orc:1)
  2 wolf spiders
  4 oklob plants (Lair:6)
  3 deep elf magi (D:13)
  2 orc sorcerers
  12 ugly things
  2 cyclopes
  2 moths of wrath (Orc:1)
  A salamander (D:15)
  21 elephants
  3 fauns
  6 merfolk sirens
  4 manticores
  4 ice statues (IceCv)
  8 black mambas
  A water nymph (Shoals:1)
  A gargoyle (D:10)
  7 spiny frogs
  6 rime drakes
  7 komodo dragons
  A kobold demonologist (D:12)
  2 tengu conjurers
  10 ice devils
  2 efreet
  2 trolls
  18 merfolk (Shoals:1)
  5 polar bears
  2 wind drakes
  9 hippogriffs
  A meliai (D:13)
  3 blink frogs (Lair:6)
  15 dream sheep
  5 snapping turtles
  2 vampires
  2 spriggans (Lair:4)
  A wraith (D:15)
  5 wyverns
  11 water elementals
  30 yaks
  4 shadows
  3 basilisks
  5 fire elementals (D:13)
  3 fire bats (Gauntlet)
  9 vampire mosquitoes
  3 hungry ghosts
  8 wargs
  3 hell hounds (D:13)
  3 acid dragons
  A hydra simulacrum (Lair:4)
  A soldier ant (D:14)
  11 water moccasins
  Duvessa (D:4)
  2 meliai simulacra (Gauntlet)
  8 porcupines
  31 orc warriors
  2 black bears
  4 ice beasts
  5 phantoms
  2 sky beasts
  2 necrophages (D:14)
  A black mamba simulacrum (Lair:4)
  11 ogres
  3 wolves (Lair:4)
  14 centaurs
  18 crocodiles
  2 big kobolds
  Blork the orc (D:5)
  15 bullfrogs
  2 gnoll sergeants (D:10)
  Dowan (D:4)
  A spiny frog simulacrum (Gauntlet)
  3 scorpions
  7 killer bees
  A blink frog simulacrum (Lair:4)
  3 howler monkeys
  18 wights
  2 electric eels
  3 centaur zombies
  7 crimson imps
  2 draconian simulacra (IceCv)
  A quasit (D:7)
  A komodo dragon simulacrum (Lair:4)
  A bullfrog zombie (D:13)
  4 hounds
  10 jellies
  16 orc priests
  4 bullfrog skeletons
  18 orc wizards
  4 centaur skeletons
  5 iguanas
  Natasha (D:2)
  10 worker ants
  2 spriggan simulacra (IceCv)
  2 troll simulacra (IceCv)
  A polar bear simulacrum (Lair:4)
  2 killer bee zombies
  2 bullfrog simulacra (Gauntlet)
  A centaur simulacrum (IceCv)
  A hound zombie (D:7)
  Robin (D:2)
  2 howler monkey zombies
  18 gnolls
  12 adders
  3 ogre simulacra (IceCv)
  5 shadow imps
  3 white imps (Gauntlet)
  5 oozes (D:8)
  3 adder skeletons
  3 dart slugs
  8 leopard geckos
  83 orcs
  6 giant cockroaches
  18 goblins
  4 hobgoblins
  15 jackals
  5 quokkas
  A ball python (D:7)
  4 bats
  3 frilled lizards
  A jackal skeleton (D:5)
  10 kobolds
  A quokka skeleton (D:6)
  8 rats
  A fungus (Lair:4)
833 creatures vanquished.

Vanquished Creatures (collateral kills)
  A merfolk aquamancer (Shoals:2)
  A sea snake (Shoals:2)
  A merfolk siren (Shoals:2)
  4 merfolk (Shoals:2)
  A water elemental (Shoals:2)
8 creatures vanquished.

Vanquished Creatures (others)
  A soldier ant (D:13)
  An orc wizard (Orc:1)
  An orc (Orc:1)
  13 fungi
  21 plants
37 creatures vanquished.

Grand Total: 878 creatures vanquished

Notes
Turn   | Place    | Note
-------+----------+-------------------------------------------
     0 | D:1      | Curus the Minotaur Fighter began the quest for the Orb.
     0 | D:1      | Reached XP level 1. HP: 19/19 MP: 0/0
   131 | D:1      | Reached XP level 2. HP: 20/26 MP: 1/1
   416 | D:1      | Reached XP level 3. HP: 26/31 MP: 2/2
   534 | D:2      | Found a shimmering altar of Xom.
   548 | D:2      | Noticed Robin
   558 | D:2      | Killed Robin
   566 | D:2      | Reached skill level 5 in Long Blades
   576 | D:1      | Reached XP level 4. HP: 3/39 MP: 3/3
  1166 | D:2      | Noticed Natasha
  1172 | D:2      | Killed Natasha
  1353 | D:3      | Reached XP level 5. HP: 45/45 MP: 4/4
  1425 | D:3      | Found a faded altar of an unknown god.
  1537 | D:3      | Found a hazy altar of Hepliaklqana.
  1598 | D:3      | Gained mutation: Your natural rate of healing is unusually
                  | fast. [potion of mutation]
  1598 | D:3      | Gained mutation: You are partially covered in icy blue
                  | scales. (AC +2) [potion of mutation]
  1598 | D:3      | Gained mutation: Your flesh is cold resistant. (rC+)
                  | [potion of mutation]
  1875 | D:5      | Entered Level 5 of the Dungeon
  2009 | D:5      | Noticed Blork the orc
  2016 | D:5      | Killed Blork the orc
  2203 | D:4      | Found a staircase to the Ecumenical Temple.
  2207 | D:4      | Found a snail-covered altar of Cheibriados.
  2242 | Temple   | Entered the Ecumenical Temple
  2266 | Temple   | Became a worshipper of Trog the Wrathful
  2291 | D:4      | Found Xuanei's Gadget Shoppe.
  2295 | D:4      | Noticed Dowan
  2297 | D:4      | Noticed Duvessa
  2315 | D:4      | Killed Duvessa
  2315 | D:4      | Reached XP level 6. HP: 35/51 MP: 5/5
  2316 | D:4      | Killed Dowan
  2333 | D:4      | Found Cedghast's Armour Shoppe.
  2333 | D:4      | Found Muilol's Gadget Shoppe.
  2333 | D:4      | Found Denwoi's Antique Weapon Shoppe.
  3201 | D:6      | Reached XP level 7. HP: 54/57 MP: 6/6
  3272 | D:6      | Identified the +5 short sword of Fixation {elec, rF+ rC+
                  | Str+3 Int-4}
  3289 | D:6      | Reached skill level 10 in Long Blades
  3301 | D:6      | Reached * piety under Trog
  3437 | D:6      | Reached XP level 8. HP: 64/64 MP: 7/7
  3753 | D:6      | Reached ** piety under Trog
  3855 | D:6      | Found a glowing golden altar of the Shining One.
  4072 | D:6      | Reached XP level 9. HP: 67/70 MP: 8/8
  4170 | D:6      | Found a burning altar of Makhleb.
  4388 | D:7      | Reached *** piety under Trog
  4515 | D:4      | Bought a wand of digging (5) for 198 gold pieces
  4995 | D:8      | Reached skill level 5 in Fighting
  4995 | D:8      | Reached skill level 5 in Armour
  5042 | D:8      | Noticed Harold
  5090 | D:8      | Killed Harold
  5111 | D:8      | Reached XP level 10. HP: 37/86 MP: 9/9
  5295 | D:8      | Noticed Erica
  5305 | D:8      | Killed Erica
  5548 | D:8      | Found a stormy altar of Qazlal.
  5688 | D:8      | Reached **** piety under Trog
  6292 | D:10     | Entered Level 10 of the Dungeon
  6324 | D:10     | Reached skill level 10 in Fighting
  6324 | D:10     | Reached skill level 10 in Armour
  6436 | D:10     | Reached ***** piety under Trog
  6677 | D:4      | Bought a +2 pair of gloves of dexterity for 258 gold pieces
  7053 | D:10     | Noticed a gargoyle
  7068 | D:10     | Killed a gargoyle
  7068 | D:10     | Received a gift from Trog
  7068 | D:10     | Reached XP level 11. HP: 90/101 MP: 10/10
  7090 | D:10     | Noticed a red ugly thing
  7106 | D:10     | Killed a red ugly thing
  7304 | D:11     | Found Pionet's Distillery.
  7325 | D:11     | Bought a potion of flight for 42 gold pieces
  7351 | D:11     | Found Hosm's Book Shop.
  7417 | D:11     | Noticed a death yak
  7418 | D:11     | Noticed a death yak
  7435 | D:11     | Killed a death yak
  7440 | D:11     | Killed a death yak
  7442 | D:11     | Noticed a death yak
  7449 | D:11     | Killed a death yak
  7450 | D:11     | Found a staircase to the Lair.
  7519 | Lair:1   | Entered Level 1 of the Lair of Beasts
  7568 | Lair:1   | Noticed Fannar
  7585 | Lair:1   | Reached skill level 1 in Evocations
  7615 | Lair:1   | Reached skill level 5 in Shields
  7622 | Lair:1   | Killed Fannar
  8235 | Lair:2   | Found a gate leading to a gauntlet.
  8257 | Gauntlet | Entered a Gauntlet
  8257 | Gauntlet | Found a transporter.
  8257 | Gauntlet | Found a transporter.
  8257 | Gauntlet | Found a transporter.
  8257 | Gauntlet | Noticed an orange crystal statue
  8273 | Gauntlet | Found a transporter.
  8279 | Gauntlet | Found a transporter.
  8281 | Gauntlet | Found a transporter.
  8294 | Gauntlet | Found a transporter.
  8302 | Gauntlet | Noticed a catoblepas
  8316 | Gauntlet | Found a transporter.
  8316 | Gauntlet | Noticed a death ooze
  8339 | Gauntlet | Found a transporter.
  8347 | Gauntlet | Noticed a fire crab
  8356 | Gauntlet | Found the +2 hat of the Bear Spirit {Spirit, +Rage rN+
                  | MR++}
  8397 | Gauntlet | Found a transporter.
  8401 | Gauntlet | Found a transporter.
  8415 | Gauntlet | Found a transporter.
  8500 | Gauntlet | Killed a fire crab
  8648 | Gauntlet | Killed a death ooze
  8648 | Gauntlet | Reached XP level 12. HP: 81/112 MP: 9/14
  8680 | Gauntlet | Got a wavering wooden ring
  8684 | Gauntlet | Identified the ring of Zaezokad {Ice Str+3} (You found it
                  | in a Gauntlet)
  8697 | Gauntlet | Identified the +6 broad axe "Axauruipt" {venom, Str+4}
  8697 | Gauntlet | Noticed a minotaur
  8708 | Gauntlet | Killed a minotaur
  8708 | Gauntlet | Reached skill level 5 in Evocations
  8714 | Gauntlet | Found the +7 captain's cutlass {speed, disarm}
  8784 | Lair:2   | Found a frozen archway.
  8822 | IceCv    | Entered an ice cave
  9275 | Lair:2   | Received a gift from Trog
  9288 | Lair:2   | Noticed a five-headed hydra
  9292 | Lair:2   | Noticed Nergalle
  9298 | Lair:2   | Killed a two-headed hydra
  9298 | Lair:2   | Reached skill level 10 in Shields
  9309 | Lair:2   | Killed Nergalle
  9456 | Lair:2   | Noticed a catoblepas
  9465 | Lair:2   | Killed a catoblepas
  9631 | Lair:2   | Found a hole to the Spider Nest.
  9794 | Lair:3   | Noticed Gastronok
  9804 | Lair:3   | Killed Gastronok
  9926 | Lair:3   | Reached XP level 13. HP: 122/122 MP: 17/17
  9964 | Lair:3   | Found a staircase to the Shoals.
  9969 | Lair:3   | Reached XP level 14. HP: 132/132 MP: 18/18
 10982 | Lair:4   | Noticed Kuerar's ghost (journeyman BaFi)
 11078 | Lair:4   | Found a runed translucent gate.
 11078 | Lair:4   | Found a runed translucent gate.
 11078 | Lair:4   | Found a runed translucent gate.
 11093 | Lair:4   | Reached ****** piety under Trog
 11101 | Lair:4   | Reached skill level 15 in Fighting
 11102 | Lair:4   | Reached skill level 15 in Armour
 11419 | Lair:4   | Received a gift from Trog
 11723 | Lair:4   | Killed Kuerar's ghost
 12018 | Lair:5   | Noticed Urug
 12037 | Lair:5   | Killed Urug
 12168 | Lair:5   | Found a viscous altar of Jiyva.
 12169 | Lair:5   | Found a staircase to the Slime Pits.
 12793 | Lair:6   | Entered Level 6 of the Lair of Beasts
 12910 | Lair:6   | Received a gift from Trog
 13261 | Lair:6   | Reached XP level 15. HP: 139/145 MP: 19/19
 13396 | Lair:6   | HP: 6/146 [drowned by a drowned soul[a merfolk avatar]
                  | (10)]
 13402 | Lair:6   | Received a gift from Trog
 14373 | D:11     | Found Ihimm's General Store.
 14405 | D:11     | Received a gift from Trog
 14589 | D:11     | Found Juxzout's Distillery.
 14593 | D:11     | Bought a potion of resistance for 180 gold pieces
 14593 | D:11     | Bought a potion of curing for 54 gold pieces
 14593 | D:11     | Bought a potion of curing for 54 gold pieces
 14593 | D:11     | Bought a potion of might for 72 gold pieces
 14593 | D:11     | Bought a potion of agility for 72 gold pieces
 14593 | D:11     | Bought a potion of agility for 72 gold pieces
 14721 | D:11     | Found Leidd's Gadget Shoppe.
 15192 | D:12     | Found a staircase to the Orcish Mines.
 15203 | Orc:1    | Entered Level 1 of the Orcish Mines
 15363 | Orc:2    | Entered Level 2 of the Orcish Mines
 15383 | Orc:2    | Found a roughly hewn altar of Beogh.
 15446 | Orc:2    | Noticed Nessos
 15456 | Orc:2    | Killed Nessos
 15464 | Orc:2    | Found a staircase to the Elven Halls.
 15501 | Orc:1    | Noticed Erolcha
 15501 | Orc:1    | Noticed Sonja
 15503 | Orc:1    | Noticed Jorgrun
 15587 | Orc:2    | Noticed an orc warlord
 15627 | Orc:2    | Killed an orc warlord
 15670 | Orc:2    | Found Soiraeli's Antique Armour Shoppe.
 15671 | Orc:2    | Found a roughly hewn altar of Beogh.
 15674 | Orc:2    | Found Wuqy's Antique Weapon Emporium.
 15744 | Orc:2    | Found a roughly hewn altar of Beogh.
 15829 | Orc:1    | Found a transporter.
 15830 | Orc:1    | Noticed Frank2's ghost (journeyman DsGl)
 15872 | Orc:1    | Noticed Snorg
 15879 | Orc:1    | Killed Snorg
 15888 | Orc:1    | Found a transporter.
 15906 | Orc:1    | Killed Sonja
 15926 | Orc:1    | Killed Jorgrun
 15932 | Orc:1    | Killed Erolcha
 16173 | Orc:1    | Received a gift from Trog
 16187 | Orc:1    | Killed Frank2's ghost
 16291 | Orc:2    | Found a roughly hewn altar of Beogh.
 16407 | Orc:2    | Found a roughly hewn altar of Beogh.
 16414 | Orc:2    | Found Eserhuut's General Store.
 16432 | Orc:2    | Bought a potion of curing for 51 gold pieces
 16432 | Orc:2    | Bought a potion of curing for 51 gold pieces
 16510 | Orc:2    | Found a roughly hewn altar of Beogh.
 16511 | Orc:2    | Found Bellodgh's Jewellery Shoppe.
 16533 | Orc:2    | Bought an uncursed ring of see invisible for 180 gold
                  | pieces
 17402 | D:13     | Received a gift from Trog
 17913 | D:13     | Got a clouded turquoise ring
 17915 | D:13     | Identified the ring of Wariness {rElec rPois rN+ MR+
                  | Stlth-} (You found it on level 13 of the Dungeon)
 17989 | D:13     | Received a gift from Trog
 18184 | D:13     | Reached XP level 16. HP: 112/159 MP: 4/20
 18544 | D:13     | Noticed Azrael
 18558 | D:13     | Killed Azrael
 18668 | D:14     | Found a shadowy altar of Dithmenos.
 19277 | D:14     | Found a gate to the Vaults.
 19523 | D:15     | Entered Level 15 of the Dungeon
 19923 | D:15     | Found a staircase to the Depths.
 20060 | D:15     | Found an opulent altar of Gozag.
 20644 | Shoals:1 | Entered Level 1 of the Shoals
 20746 | Shoals:1 | You are sucked into a shaft and drop 1 floor!
 20757 | Shoals:2 | Received a gift from Trog
 20810 | Shoals:2 | Noticed Polyphemus
 20869 | Shoals:2 | Killed Polyphemus
 21405 | Shoals:1 | Received a gift from Trog
 21990 | Shoals:2 | Noticed Ilsuiw
 22017 | Shoals:2 | HP: 5/161 [merfolk javelineer/+2 spear of venom (7)]
 22017 | Shoals:2 | HP: 1/161 [water elemental (4)]
 22020 | Shoals:1 | Drowned by a water elemental

Levels and vault maps discovered:
D:1:      evilmike_arrival_crescent, layout_basic, minmay_pentomino_u2
D:2:      layout_rooms, xom_butterflies, uniq_robin, uniq_natasha
D:3:      layout_loops_cross, lemuel_crystal_altar,
          chequers_ecumenical_altar_simple_redux
D:4:      layout_cave_pools, cheibriados_altar_1, minmay_temple_entry_hall,
          gup_sewer_entry_pipe, first_ration, minmay_shop_grid_forest,
          minmay_fountain_box, minmay_statues_item, bh_chokoban, uniq_duvessa
D:5:      layout_basic, uniq_blork_the_orc
D:6:      minmay_razor_zed, layout_loops_ring, nicolae_overflow_hidden_temple
D:7:      layout_basic
D:8:      layout_loops_ring, lemuel_crystal_altar,
          hangedman_little_slice_of_home, moated_statue, uniq_harold, uniq_erica
D:9:      layout_big_octagon
D:10:     layout_loops_cross
D:11:     layout_long_grid, dpeg_lair_monsters, serial_shops, shop, shop,
          shop_statue, shop, nicolae_shop_waterfront, minivault_10,
          minmay_microvault
D:12:     layout_basic, orc_0_dummy
D:13:     minmay_the_grid_3x3 [minmay_the_grid_small_cups,
          minmay_the_grid_large_cup, minmay_the_grid_mess,
          minmay_the_grid_minigrid_large, minmay_the_grid_holed_spiral,
          minmay_the_grid_embedded, minmay_the_grid_tri_star,
          minmay_the_grid_pillar_ring,
          minmay_the_grid_prize_four_corners_diamond_a], layout_stronghold,
          uniq_azrael
D:14:     layout_stronghold, lightli_vaults_fourway_checkpoint,
          nicolae_dithmenos_the_darkroom
D:15:     hangedman_depths_entry_try_elsewhere_first, layout_loops_ring,
          grunt_gozag_breadcrumbs
Temple:   regret_index_temple_sphere_string
Lair:1:   layout_chaotic_city, grunt_megastairs_2, serial_bayou_shore_a,
          uniq_fannar
Lair:2:   layout_loops_ring, dummy_spider_entry, gauntlet_entry_generic,
          portal_ice_cave_demonic_guard, lemuel_fruit_tree, uniq_nergalle
Lair:3:   layout_cave_pods, shoals_dummy_entry, uniq_gastronok
Lair:4:   layout_cave_pods, gammafunk_ghost_icy, forest_entry_grove,
          grunt_megastairs_4
Lair:5:   layout_hall_layers, dpeg_slime_entry_enclosed_altar,
          chequers_serial_rivers_small_b, serial_bayou_shore_b, uniq_urug
Lair:6:   gammafunk_lair_ancient_temple, layout_misc_corridors,
          serial_bayou_shore_b, minmay_lair_oklob_chamber
Shoals:1: layout_shoals, abandoned_shop
Shoals:2: layout_shoals, uniq_ilsuiw, uniq_polyphemus
Orc:1:    layout_caves, gammafunk_ghost_berserking_beasts, uniq_snorg,
          uniq_erolcha, uniq_jorgrun, uniq_sonja
Orc:2:    grunt_orc_community_town_hall, layout_diamond_mine,
          grunt_orc_community_big_house_1, grunt_orc_community_big_house_2,
          grunt_orc_community_house_3, grunt_orc_community_house_1,
          grunt_orc_community_house_3, grunt_orc_community_house_2,
          grunt_orc_community_house_1, uniq_nessos

Skill      XL: |  1  2  3  4  5  6  7  8  9 10 11 12 13 14 15 16 |
---------------+-------------------------------------------------+-----
Long Blades    | 3 4 5 6 8 9 11 13 14 | 14.0
Fighting       | 7 10 11 13 14 16 18 19 | 19.6
Armour         | 7 10 11 12 14 16 18 19 | 19.6
Shields        | 7 10 12 | 12.4
Evocations     | 4 7 9 |  9.3

Action                   |  1- 3 |  4- 6 |  7- 9 | 10-12 | 13-15 | 16-18 || total
-------------------------+-------+-------+-------+-------+-------+-------++-------
Melee: Long sword        |    82 |   137 |    96 |       |       |       ||   315
       Headbutt          |    17 |    28 |    77 |   172 |   366 |   230 ||   890
       Scimitar          |       |       |   264 |   640 |  1247 |     9 ||  2160
       Demon blade       |       |       |       |       |    39 |   752 ||   791
Invok: Berserk           |       |       |     1 |     4 |     6 |     2 ||    13
       Trog's Hand       |       |       |       |     1 |     1 |       ||     2
       Brothers in Arms  |       |       |       |       |       |     3 ||     3
 Abil: Evoke Flight      |       |       |       |       |       |     8 ||     8
Evoke: Wand              |       |       |     1 |     2 |     3 |       ||     6
  Use: Potion            |     1 |     8 |     3 |     3 |     4 |     2 ||    21
       Scroll            |       |     8 |     4 |     7 |     5 |     3 ||    27
 Stab: Paralysed         |       |       |       |       |     7 |       ||     7
       Petrified         |       |       |       |       |       |     9 ||     9
  Eat: Chunk             |       |     6 |     4 |     8 |    24 |     7 ||    49
       Ration            |       |       |     2 |     3 |     4 |     3 ||    12
Armor: Scale mail        |    55 |     2 |       |       |       |       ||    57
       Chain mail        |       |    62 |    38 |       |       |       ||   100
       Plate armour      |       |       |   105 |   215 |   615 |   362 ||  1297
Dodge: Dodged            |    33 |    35 |    85 |    87 |   326 |   128 ||   694
Block: Shield            |    43 |    68 |   223 |   264 |   949 |   489 ||  2036
       Rpst.: Long sword |     5 |     7 |     1 |       |       |       ||    13
       Scimitar          |       |       |    13 |    21 |    78 |       ||   112
       Demon blade       |       |       |       |       |     1 |    18 ||    19
